 Dungeon Crawl Stone Soup version 0.21-a0-91-ga5031da (webtiles) character file.

110 grindst0ne the Ruffian (level 4, -15/40 HPs)
             Began as a Ghoul Monk on June 29, 2017.
             Demolished by Crazy Yiuf
             ... wielding a +4 quarterstaff of chaos
              (21 damage)
             ... on level 2 of the Dungeon.
             The game lasted 00:03:42 (2781 turns).

grindst0ne the Ruffian (Ghoul Monk)                 Turns: 2781, Time: 00:03:42

Health: -15/40     AC:  3    Str: 15    XL:     4   Next: 91%
Magic:  3/3        EV: 12    Int:  5    God:
Gold:   48         SH:  0    Dex: 11    Spells: 3/3 levels left

rFire    . . .     SeeInvis .     - Unarmed
rCold    + . .     Gourm    .   (no shield)
rNeg     + + +     Faith    .   m - +0 leather armour
rPois    ∞         Spirit   .   (no helmet)
rElec    .         Reflect  .   (no cloak)
rCorr    .         Harm     .   (no gloves)
MR       .....                  (no boots)
Stlth    ++........             (no amulet)
HPRegen  0.00/turn              (no ring)
MPRegen  0.08/turn              (no ring)

@: rotting
A: rotting body, claws 1, carnivore 3, cold resistance 1, negative energy
resistance 3, inhibited regeneration, torment resistance, unbreathing
a: no special abilities


You were on level 2 of the Dungeon.
You were not hungry.

You visited 1 branch of the dungeon, and saw 2 of its levels.

You collected 48 gold pieces.

Inventory:

Armour
 a - a +0 robe
 m - a +0 leather armour (worn)
Scrolls
 d - 2 scrolls of blinking
 e - a scroll of magic mapping {unknown}
 f - a scroll of teleportation {unknown}
 i - a scroll of enchant armour {unknown}
 l - a scroll of remove curse {unknown}
Potions
 c - a potion of berserk rage
 h - a potion of flight
 j - a potion of heal wounds
 k - 2 potions of agility
Comestibles
 b - 2 meat rations


   Skills:
 + Level 4.2 Fighting
 + Level 2.2 Armour
 - Level 2.6 Dodging
 - Level 2.1 Stealth
 + Level 4.3 Unarmed Combat


You had 3 spell levels left.
You didn't know any spells.

Dungeon Overview and Level Annotations

Branches:
Dungeon (2/15)

Altars:
Uskayaw

Annotations:
D:2 Crazy Yiuf


Innate Abilities, Weirdness & Mutations

Your body is rotting away.
You thrive on raw meat.
You are immune to poison.
You have sharp fingernails.
You are carnivorous and can eat meat at any time.
Your flesh is cold resistant. (rC+)
You are immune to negative energy. (rN+++)
You do not regenerate when monsters are visible.
You are immune to unholy pain and torment.
You can survive without breathing.


Message History

You closely miss Crazy Yiuf.
Crazy Yiuf is moderately wounded.
Crazy Yiuf completely misses you.
You closely miss Crazy Yiuf.
Crazy Yiuf is moderately wounded.
You scratch Crazy Yiuf.
Crazy Yiuf is moderately wounded.
Crazy Yiuf misses you.
Sorry, you're not good enough to have a special ability.
You scratch Crazy Yiuf.
Crazy Yiuf is heavily wounded.
Crazy Yiuf hits you with a quarterstaff of chaos!
Crazy Yiuf burns you.
You claw Crazy Yiuf!
Crazy Yiuf is severely wounded.
Crazy Yiuf hits you with a quarterstaff of chaos!
* * * LOW HITPOINT WARNING * * *
Space warps horribly around you!
Ouch! That really hurt!
You die...

###......###
#.♣♣♣#...###
###....♣##...#
#...♣PP♣ #####
..♣♣...♣♣
.♣♣♣♣♣..♣
#####
^♣♣.≈≈..♣#
#)..# ###
.♣♣≈≈≈≈♣.#
#.g.# #.###
.♣♣♣≈≈PP♣#
#.@.# #...###
..♣♣.♣♣♣♣#
##'## ###...#
...♣♣♣♣♣.#
♣.♣♣ ###.#
.#.#.....#
♣♣.♣ #.#
.........#
♣.♣♣ #.#
#..#######
♣♣.♣ #.# ..##
♣♣.♣♣ #.# .##
♣♣...♣ #.# .#
♣....♣ #.#


You could see Crazy Yiuf.

Vanquished Creatures
  Jessica (D:2)
  2 adders
  An ooze (D:2)
  3 worms (D:2)
  2 dart slugs
  A leopard gecko (D:1)
  4 giant cockroaches
  4 goblins
  8 hobgoblins
  4 kobolds
  2 quokkas (D:2)
  A ball python (D:2)
  6 bats
  4 frilled lizards
  4 rats
  2 bushes (D:2)
49 creatures vanquished.

Notes
Turn   | Place    | Note
-------+----------+-------------------------------------------
     0 | D:1      | grindst0ne the Ghoul Monk began the quest for the Orb.
     0 | D:1      | Reached XP level 1. HP: 19/19 MP: 0/0
   104 | D:1      | Reached XP level 2. HP: 26/26 MP: 1/1
   299 | D:1      | Reached skill level 1 in Armour
   782 | D:1      | Reached XP level 3. HP: 31/31 MP: 2/2
  1361 | D:2      | Reached XP level 4. HP: 16/38 MP: 3/3
  1568 | D:2      | Found a hide-covered altar of Uskayaw.
  1571 | D:2      | Noticed Jessica
  1591 | D:2      | Killed Jessica
  2571 | D:2      | Found a runed door.
  2773 | D:2      | Noticed Crazy Yiuf
  2781 | D:2      | Demolished by Crazy Yiuf

Vault maps used:
D:1:      dpeg_arrival_radiant, nrook_uturn
D:2:      overflow_temple_1_default, first_bread, serial_forest,
          infiniplex_forest_lined_room_2, infiniplex_forest_zigzag_2,
          infiniplex_forest_side_room, infiniplex_forest_lined_2,
          infiniplex_forest_pool, infiniplex_forest_clump_small,
          infiniplex_forest_clump_double, infiniplex_forest_lined_1,
          infiniplex_forest_lined_1, grunt_ministairs_6, minmay_lizard_pond,
          uniq_jessica, uniq_crazy_yiuf_cottage

Skill      XL: |  1  2  3  4 |
---------------+-------------+-----
Armour         | 1 2 |  2.2
Unarmed Combat | 4 |  4.3
Fighting       | 4 |  4.2
Dodging        | |  2.6
Stealth        | |  2.1

Action                   |  1- 3 |  4- 6 || total
-------------------------+-------+-------++-------
Melee: Unarmed           |    96 |   263 ||   359
       Punch             |     3 |    13 ||    16
  Use: Scroll            |       |     5 ||     5
 Stab: Distracted        |     1 |       ||     1
       Sleeping          |     1 |       ||     1
  Eat: Chunk             |     2 |     5 ||     7
Armor: Robe              |    17 |     4 ||    21
       Leather armour    |       |     7 ||     7
Dodge: Dodged            |    64 |    58 ||   122
